AoeStats
← [PSCH] R!ce

African Clearing

506421317Analyzed
2v2 RM · 19d ago on Sep 13, 2026· 53m 28s· 4 players
Game mode
Random Map
Map size
Medium (4 player)
Population
200
Speed
Normal
Resources
Standard
Victory
Conquest
Starting age
Dark Age
Ending age
Imperial Age
RankedLock teamsTeams togetherTeam positionsShared explorationLock speedFull tech treeHidden civsTurbo modeCheats
Victory
Defeat
🇨🇭 Vietnamese · Switzerland
1430
+14
🇨🇭 Mongols · Switzerland
1387
+15
🇩🇪 Japanese · Germany
1376
-15
🇩🇪 Magyars · Germany
1372
-14
The_Count
10:10 Loom
12:39 Feudal Age
12:54 Man-at-Arms
14:42 Double-Bit Axe
19:22 Castle Age
18:18 Horse Collar
18:33 Gold Mining
19:28 Fletching
28:24 Padded Archer Armor
29:41 Town Watch
30:14 Bloodlines
31:26 Ballistics
34:56 Bodkin Arrow
40:06 Leather Archer Armor
41:01 Wheelbarrow
47:43 Imperial Age
zoid
8:11 Loom
11:53 Feudal Age
13:32 Double-Bit Axe
15:15 Horse Collar
23:13 Castle Age
23:06 Bloodlines
31:18 Bow Saw
32:31 Wheelbarrow
32:03 Scale Barding Armor
34:45 Husbandry
39:44 Chain Barding Armor
40:40 Gold Mining
41:05 Town Watch
41:36 Hand Cart
47:49 Imperial Age
46:45 Corvinian Army
49:28 Conscription
50:38 Elite Magyar Huszar
52:35 Plate Barding Armor
51:32 Pikeman
[PSCH] wolverito
4:40 Loom
4:43 Loom
12:23 Feudal Age
17:55 Castle Age
16:54 Double-Bit Axe
16:50 Horse Collar
23:38 Fletching
30:30 Bow Saw
30:59 Pikeman
36:58 Bodkin Arrow
42:13 Wheelbarrow
42:14 Padded Archer Armor
50:54 Leather Archer Armor
53:24 Imperial Age
[PSCH] R!ce
8:55 Loom
14:30 Feudal Age
15:48 Double-Bit Axe
18:43 Castle Age
17:20 Fletching
19:43 Bodkin Arrow
25:51 Padded Archer Armor
28:26 Horse Collar
29:01 Bow Saw
30:08 Ballistics
31:22 Wheelbarrow
33:35 Leather Archer Armor
38:36 Imperial Age
37:00 Bloodlines
36:56 Scale Barding Armor
37:02 Forging
37:25 Hand Cart
38:21 Chain Barding Armor
38:04 Husbandry
38:07 Chatras
39:48 Iron Casting
38:49 Elite Battle Elephant
40:05 Plate Barding Armor
39:57 Town Watch
44:28 Bracer
46:37 Devotion
Connection lost

Rejoining the realm…

Still unreachable

The connection could not be restored.

Session expired

The server has moved on; the page needs a fresh start.